Cogmind - Beta 14 @@@ ROGUE MODE // 2024.09.02 @ 11:38:33 Player: puppuppit Result: Destroyed by 5H-TQK(R) with Subdweller Machine Gun Performance ------------- Evolutions (0) 0 Regions Visited (3) 600 Robots Destroyed (71) 355 Value Destroyed (1312) 1312 Prototype IDs (14) 280 Alien Tech Used (0) 0 Bonus (8) 8 TOTAL SCORE: 2555 Bonus ------- High Alert Combat Kills 8 Cogmind --------- Core Integrity 0/250 Matter 143/300 Energy 100/100 System Corruption 1% Temperature Cool (0) Movement Rolling (90) Location -10/Subcaves Parts ------- > --- POWER (1) -------- (None) > --- PROPULSION (2) --- Wheel Compact Wheel > --- UTILITY (2) ------ Medium Storage Unit > --- WEAPON (2) ------- Battle Cannon Battle Cannon > --- INVENTORY (10) --- Wheel Wheel Compact Wheel High-capacity Matter Pod (200) Makeshift System Shield Rainbow Chip Light Cannon Light Cannon Battle Cannon Peak State ------------ > --- POWER ------------ Subdweller Power Source > --- PROPULSION ------- Wheel Compact Wheel > --- UTILITY ---------- Medium Storage Unit Light Armor Plating > --- WEAPON ----------- Battle Cannon Battle Cannon > --- INVENTORY -------- Wheel Wheel Wheel Compact Wheel High-capacity Matter Pod Light Armor Plating Makeshift System Shield Rainbow Chip Light Cannon Grenade Launcher [Rating: 12] Favorites ----------- Power Light Ion Engine Engine Light Ion Engine Power Core Light Nuclear Core Propulsion Wheel Wheel Wheel Utility Light Armor Plating Device Improved Terrain Scanner Storage Medium Storage Unit Protection Light Armor Plating Weapon Light Cannon Energy Gun EM Pulse Gun Ballistic Gun Light Assault Rifle Ballistic Cannon Light Cannon Launcher Grenade Launcher Build | -11 -10 -10 -10 ------- Run | Yrd Mat Min Sub Slots Evolved . | . . . . Power . | . . . . Propulsion . | . . . . Utility . | . . . . Weapon . | . . . . Parts Attached 58 | 9 26 10 13 Power 7 | 1 3 2 1 Engine 6 | 1 2 2 1 Core 1 | . 1 . . Reactor . | . . . . Propulsion 17 | 4 7 5 1 Treads . | . . . . Leg . | . . . . Wheel 17 | 4 7 5 1 Hover . | . . . . Flight . | . . . . Utility 13 | 2 9 . 2 Device 1 | 1 . . . Storage 3 | 1 2 . . Processor . | . . . . Hackware . | . . . . Protection 9 | . 7 . 2 Artifact . | . . . . Weapon 21 | 2 7 3 9 Energy Gun 1 | 1 . . . Energy Cannon . | . . . . Ballistic Gun 4 | 1 3 . . Ballistic Cannon 11 | . 3 2 6 Launcher 5 | . 1 1 3 Special Weapon . | . . . . Impact Weapon . | . . . . Slashing Weapon . | . . . . Piercing Weapon . | . . . . Special Melee Weapon . | . . . . Unidentified Prototypes . | . . . . Corrupted Parts 1 | . 1 . . System Corruption 1 | . 1 . . Parts Lost 12 | . 6 . 6 Power 3 | . 1 . 2 Propulsion 1 | . 1 . . Utility 5 | . 2 . 3 Weapon 3 | . 2 . 1 Highest Loss Streak 4 | . 4 . 2 To Critical Strikes . | . . . . Average Slot Usage (%) 96 | . 97 100 91 Engine 10 | . 9 14 9 Core 1 | . 3 . . Wheel 27 | . 27 28 28 Storage 14 | . 14 14 14 Protection 12 | . 13 14 9 Energy Gun 1 | . 3 . . Ballistic Gun 4 | . 11 . . Ballistic Cannon 21 | . 12 27 26 Peak Build Rating 12 | 9 9 9 12 Average Rating 8 | 7 7 8 10 On Entrance 6 | . 9 8 9 Naked Turns . | . . . . Heaviest Build 24 | 15 22 22 24 Greatest Support 26 | 26 26 26 26 Greatest Overweight (x) 1 | . 1 1 . Average Overweight (x) . | . . . . Largest Inventory Capacity 10 | 8 10 10 10 Average Capacity 9 | 7 9 10 10 Most Carried 10 | 5 10 10 10 Average Carried 9 | 1 8 9 9 Final Capacity 10 | 8 10 10 10 Final Carried 10 | 5 10 10 9 Class Distribution -------------------- 60% | Scavenger-Mutant 39% | Mutant Dominant Class ---------------- Mutant | -10/Materials Scavenger-Mutant | -10/Mines Scavenger-Mutant | -10/Subcaves Resources | -11 -10 -10 -10 ----------- Run | Yrd Mat Min Sub Matter Collected 2362 | 254 1100 602 406 Remotely . | . . . . Salvage Created 1835 | 199 993 422 221 Parts 145 | 22 68 35 20 Haulers Intercepted 2 | . 2 . . Recyclers Shooed 2 | . 2 . . Parts Field Recycled . | . . . . Retrieved Matter . | . . . . Parts Self-Destructed 5 | . . . 5 Prevented . | . . . . Kills | -11 -10 -10 -10 ------- Run | Yrd Mat Min Sub Combat Hostiles Destroyed 34 | . 19 5 10 Guns 6 | . 6 . . Cannons 17 | . 11 3 3 AOE 11 | . 2 2 7 Classes Destroyed 12 | 2 7 1 2 Worker 10 | . 4 6 . Builder 3 | . 3 . . Tunneler 10 | 5 1 4 . Hauler 2 | . 2 . . Recycler 6 | 1 2 3 . Operator 1 | . 1 . . Turret 2 | . . . 2 Watcher 3 | . 3 . . Swarmer 10 | . 3 3 4 Grunt 16 | . 16 . . Sentry 2 | . . 2 . Subdweller 6 | . . . 6 Best Kill Streak 5 | 4 3 4 5 Combat Bots Only 4 | . 2 3 4 Max Kills in Single Turn 3 | 1 1 2 3 Gunslinging . | . . . . Exploded 3 | . 1 2 3 Melee . | . . . . Uniques/NPCs Destroyed . | . . . . Combat | -11 -10 -10 -10 -------- Run | Yrd Mat Min Sub Hostile Shots Fired 189 | . 96 24 69 Missed 66 | . 28 10 28 Damage Taken 1614 | . 831 184 599 Core 266 | . 103 6 157 Absorbed by Shields . | . . . . Regen/Repaired (Parts) 122 | . 122 . . Core Remaining (%) 100 | 100 . . . Volleys Fired 243 | 11 150 34 48 Largest 2 | 2 2 2 2 Hottest 78 | 60 70 74 78 Shots Fired 448 | 22 295 67 64 Gun 201 | 22 179 . . Cannon 218 | . 113 65 40 Launcher 29 | . 3 2 24 Special . | . . . . Kinetic 363 | 11 247 65 40 Thermal . | . . . . Explosive 29 | . 3 2 24 Electromagnetic 56 | 11 45 . . Robot Hit Streak 23 | 5 10 4 23 Robot Miss Streak 7 | 1 7 3 1 Penetration Max . | . . . . Secondary Targets . | . . . . Shots Hit Robots 229 | 13 155 36 25 Core Hits 113 | 7 55 20 31 Critical Kills 1 | . 1 . . Critical Parts Destroyed . | . . . . Critical Strikes 9 | . 5 3 1 Destroy 1 | . 1 . . Blast 8 | . 4 3 1 Melee Attacks . | . . . . Impact . | . . . . Slashing . | . . . . Piercing . | . . . . Sneak Attacks . | . . . . Combat Hostiles . | . . . . Follow-up Attacks . | . . . . Damage Inflicted 4361 | 158 2304 840 1059 Guns 1140 | 158 982 . . Cannons 2251 | . 1177 670 404 Explosions 970 | . 145 170 655 Melee . | . . . . Ramming . | . . . . Kinetic 2965 | 85 1806 670 404 Thermal 46 | . 46 . . Explosive 924 | . 99 170 655 Electromagnetic 426 | 73 353 . . Impact . | . . . . Slashing . | . . . . Piercing . | . . . . Highest Corruption 1 | . 1 1 1 Average Corruption 1 | . 1 1 1 Corruption Purged . | . . . . Corruption Blocked . | . . . . Effects 19 | . 8 5 6 Message Errors 6 | . 2 2 2 Matter Fused 1 | . 1 . . Heat Flow Errors 1 | . . . 1 Energy Discharges 3 | . 2 . 1 Data Loss (minor) 3 | . 1 1 1 Data Loss (major) 2 | . 1 1 . Misfires 2 | . 1 1 . Weapon Failures 1 | . . . 1 Overload Shots . | . . . . Overflow Damage 83 | . 52 20 11 Projectiles 37 | . 37 . . Explosions 46 | . 15 20 11 Melee . | . . . . Knockbacks 17 | . 9 7 1 Impact . | . . . . Kinetic 17 | . 9 7 1 Secondary . | . . . . Self-Inflicted Damage 6 | . 6 . . Shots 1 | . 1 . . Rammed . | . . . . Targets Rammed . | . . . . Kicked . | . . . . Crushed . | . . . . Highest Temperature 232 | . 208 117 232 Average Temperature 45 | . 47 26 112 Received Heat Transfer 854 | . 426 45 383 Effects 1 | . 1 . . Energy Bleed 1 | . 1 . . Siege Activations . | . . . . Robots Corrupted . | . . . . Combat Hostiles . | . . . . Parts Fried 2 | . 2 . . Impact Corruptions . | . . . . Robots Melted . | . . . . Combat Hostiles . | . . . . Parts Melted . | . . . . Heat Transferred . | . . . . Parts Sabotaged . | . . . . Parts Stolen . | . . . . Parts Stripped . | . . . . Power Chain Reactions 1 | . 1 . . Alert | -11 -10 -10 -10 ------- Run | Yrd Mat Min Sub Peak Influence 412 | 30 412 306 . Initial 156 | . 19 156 . Average 233 | 12 275 184 . Maximum Alert Level 2 | . 2 1 . Low Security (%) 38 | 100 17 66 . Level 1 59 | . 78 33 . Level 2 2 | . 3 . . Level 3 . | . . . . Level 4 . | . . . . Level 5 . | . . . . High Security . | . . . . Max Security . | . . . . Squads Dispatched 6 | . 6 . . Investigation 4 | . 4 . . Extermination . | . . . . Reinforcement 2 | . 2 . . Assault . | . . . . Garrison . | . . . . Intercept . | . . . . Searches Triggered . | . . . . Construction Impeded . | . . . . Haulers Reinforced . | . . . . Active Scanning Responses . | . . . . Cargo Convoy Interrupts . | . . . . Stealth | -11 -10 -10 -10 --------- Run | Yrd Mat Min Sub Distress Signals 4 | . 4 . . Communications Jammed . | . . . . Distress Signals . | . . . . Times Spotted 69 | . 44 5 20 Peak Tracking Total 6 | . 6 3 6 Tactical Retreats 11 | . 5 . 6 Traps | -11 -10 -10 -10 ------- Run | Yrd Mat Min Sub Traps Triggered 5 | . 4 . 1 Indirectly . | . . . . Trap Hack Attempts . | . . . . Triggered . | . . . . Disarmed . | . . . . Reprogrammed . | . . . . Reused . | . . . . Traps Extracted . | . . . . Installed . | . . . . Triggered . | . . . . Machines | -11 -10 -10 -10 ---------- Run | Yrd Mat Min Sub Machines Disabled 8 | . 5 . 3 Max in Single Turn 1 | . 1 . 1 Machines Repaired . | . . . . Machines Dismantled . | . . . . Machines Sabotaged . | . . . . Overloaded Fab Kills . | . . . . Hacking | -11 -10 -10 -10 --------- Run | Yrd Mat Min Sub Machines Accessed 8 | . 7 . 1 Terminals 6 | . 6 . . Fabricators . | . . . . Repair Stations 1 | . 1 . . Recycling Units . | . . . . Scanalyzers . | . . . . Garrison Access . | . . . . Total Hacks 34 | . 25 . 9 Successful 20 | . 11 . 9 Failed 13 | . 13 . . Catastrophic 2 | . 2 . . Database Lockouts 1 | . 1 . . Manual 15 | . 15 . . Terminals 21 | . 21 . . Fabricators . | . . . . Repair Stations 4 | . 4 . . Recycling Units . | . . . . Scanalyzers . | . . . . Garrison Access . | . . . . Terminal Hacks 16 | . 7 . 9 Record 8 | . . . 8 Robot Analysis 4 | . 4 . . Prototype ID Bank 2 | . 2 . . Zone Layout 1 | . 1 . . Derelict Proto ID Bank 1 | . . . 1 Fabricator Hacks . | . . . . Repair Station Hacks 4 | . 4 . . Scan Component 2 | . 2 . . Repair 2 | . 2 . . Recycling Unit Hacks . | . . . . Scanalyzer . | . . . . Garrison Access Hacks . | . . . . Unauthorized Hacks . | . . . . Terminals . | . . . . Fabricators . | . . . . Repair Stations . | . . . . Recycling Units . | . . . . Scanalyzers . | . . . . Garrison Access . | . . . . Data Cores Recovered . | . . . . Used . | . . . . Hacking Detections 6 | . 6 . . Full Trace Events 3 | . 3 . . Feedback Events . | . . . . Feedback Blocked . | . . . . Robot Schematics Acquired . | . . . . Robots Built . | . . . . Authchips . | . . . . Time . | . . . . Total Robot Build Rating . | . . . . Part Schematics Acquired . | . . . . Parts Built . | . . . . Authchips . | . . . . Time . | . . . . Total Part Build Rating . | . . . . Parts Repaired 2 | . 2 . . Time 52 | . 52 . . Parts Recycled . | . . . . Recycled Matter . | . . . . Retrieved Matter . | . . . . Retrieved Components . | . . . . Parts Scanalyzed . | . . . . Part Schematics Acquired . | . . . . Parts Damaged . | . . . . Bothacking | -11 -10 -10 -10 ------------ Run | Yrd Mat Min Sub Used RIF Installer . | . . . . Robots Hacked . | . . . . Non-combat . | . . . . Combat . | . . . . Robot Hacks Applied . | . . . . Relay Couplers Released . | . . . . Fabnet Peak Effective % . | . . . . Robots Rewired . | . . . . Allies Hacked . | . . . . Hacks Repelled . | . . . . Allies | -11 -10 -10 -10 -------- Run | Yrd Mat Min Sub Total Allies . | . . . . Largest Group . | . . . . Highest-Rated Group . | . . . . Highest-Rated Ally . | . . . . Total Orders . | . . . . Ally Attacks . | . . . . Total Damage . | . . . . Kills . | . . . . Allies Corrupted . | . . . . Allies Melted . | . . . . Intel | -11 -10 -10 -10 ------- Run | Yrd Mat Min Sub Robot Analysis Total 4 | . 4 . . Derelict Logs Recovered 2 | . . 1 1 Drone Launches . | . . . . Drone Recoveries . | . . . . Exploration | -11 -10 -10 -10 ------------- Run | Yrd Mat Min Sub Turns Passed 3295 | 88 1370 796 1041 Spaces Moved 2628 | 45 917 702 964 Core 3 | 3 . . . Treads . | . . . . Legs . | . . . . Wheels 2625 | 42 917 702 964 Hover . | . . . . Flight . | . . . . Fastest Speed 50 | 50 80 90 90 Average Speed 88 | 85 82 93 90 Slowest Speed 100 | 100 95 95 90 Overloaded Moves . | . . . . Propulsion Burnouts . | . . . . Robots Hopped . | . . . . Cave-ins Triggered . | . . . . Exploration Rate (%) 64 | 3 99 99 56 Regions Visited 3 Branch Regions 2 Pre-discovered Areas 3 | . . 2 1 Known Exits Taken . | . . . . Unknown Exits Taken 3 | 1 1 1 . Scrap Searched 4 | . . 2 2 Spaces Dug . | . . . . Terrain Destroyed 78 | . 35 11 32 Melee . | . . . . Projectile . | . . . . AOE 78 | . 35 11 32 Terrain Rammed . | . . . . Walls Destroyed . | . . . . Machines Disabled . | . . . . Actions | -11 -10 -10 -10 --------- Run | Yrd Mat Min Sub Total 3175 | 67 1255 782 1071 Wait 187 | . 129 19 39 Move 2625 | 44 916 701 964 Hop . | . . . . Pick Up 25 | 3 13 6 3 Fast Attach 23 | 7 14 1 1 Attach 7 | . 4 . 3 Detach 4 | . 4 . . Swap 28 | 2 8 9 9 Drop 33 | . 17 12 4 Fire 243 | 11 150 34 48 Melee . | . . . . Ram . | . . . . Kick . | . . . . Crush . | . . . . Escape Stasis . | . . . . Rewire . | . . . . Trap . | . . . . Miscellaneous . | . . . . Route ------- -11/Scrapyard -10/Materials (discovered 6 exits: [*Mat x3] / [*Min x2] / *Sub) -10/Mines (discovered 4 exits: [*Mat x2] / [*Exi] / *Sub) -10/Subcaves (discovered 2 exits: [*Mat] / [*Rec]) History --------- Turn | Location | Event 16 | -11/Scrapyard | Discovered new exit (range 16) 89 | -11/Scrapyard | Entered Materials 217 | -10/Materials | Discovered new exit (range 9) 314 | -10/Materials | Build established: Mutant 334 | -10/Materials | Discovered new exit (range 16) 439 | -10/Materials | Lost 4 parts (1n1u2w) 507 | -10/Materials | Discovered new exit (range 15) 729 | -10/Materials | Central database locked down 936 | -10/Materials | Discovered new exit (range 12) 1015 | -10/Materials | Build established: Scavenger-Mutant 1131 | -10/Materials | Discovered new exit (range 7) 1194 | -10/Materials | Repaired Lgt. Cannon 1221 | -10/Materials | Repaired Lgt. Armor Plating 1281 | -10/Materials | Discovered new exit (range 11) 1451 | -10/Materials | Build established: Mutant 1459 | -10/Materials | Entered Mines 1460 | -10/Mines | Learned location of Storage (-9) 1565 | -10/Mines | Learned location of Zion (-7) 1672 | -10/Mines | Deemed a non-threat by the Exiles lab entrance 1673 | -10/Mines | Discovered new exit (range 5) 1821 | -10/Mines | Build established: Scavenger-Mutant 1949 | -10/Mines | A weapon hastily lodged in a ceiling crevice suddenly fell to the ground 2049 | -10/Mines | Discovered new exit (range 15) 2123 | -10/Mines | Discovered new exit (range 4) 2246 | -10/Mines | Discovered new exit (range 6) 2255 | -10/Mines | Entered Subcaves 2268 | -10/Subcaves | Core integrity fell below 50% 2319 | -10/Subcaves | Discovered new exit (range 12) 2381 | -10/Subcaves | Disturbed a concealed Subdweller 2418 | -10/Subcaves | Ambushed by Subdwellers from Twisted Machinery 2536 | -10/Subcaves | Visited 4L-MR0's lab 2550 | -10/Subcaves | Found Rainbow Chip 2666 | -10/Subcaves | Shifting Twisted Machinery released Sub. Laser 2671 | -10/Subcaves | Shifting Twisted Machinery released Battle Cannon 2710 | -10/Subcaves | Discovered new exit (range 10) 2738 | -10/Subcaves | Shifting Twisted Machinery released Sub. Beam Cannon 2747 | -10/Subcaves | A swath of the cavern ceiling suddenly collapsed 3033 | -10/Subcaves | Ambushed by Subdwellers from Twisted Machinery 3162 | -10/Subcaves | Shifting Twisted Machinery released Mak. Hammer 3289 | -10/Subcaves | Core integrity fell below 20% 3296 | -10/Subcaves | Destroyed by 5H-TQK(R) with Subdweller Machine Gun Last Messages --------------- 02922_ Lgt. Armor Plating destroyed. 02929_ Acquired 48 matter. 02938_ LH-NYJ(R) destroyed. 02949_ Grenade Launcher destroyed. 02951_ Sub. Power Source shoots sparks and powers down. 02951_ Destroyed Scrap Shield. 02954_ H2-WI9(R) destroyed. 02963_ Acquired 2 matter. 02966_ The unstable cave ceiling collapses. 02966_ Acquired 5 matter. 02998_ Triggered Shrapnel Trap. 02998_ An expanding cloud of shrapnel blasts out in all directions. 02998_ Broken Sub. Power Source destroyed. 02998_ Lgt. Armor Plating destroyed. 03033_ 05-K96(R) emerges from the Twisted Machinery. 03090_ N1Z5TQ0<8K9/65WUD UEO CGUGMDD/SP9Y/7A5 03090_ Acquired 53 matter. Mak. Hammer falls loose from the Twisted Machinery. 03285_ 5H-TQK(R) knocked back. 03294_ 5H-TQK(R) Disposable Heat Sink blasted off. Map ----- +----------------------------------------------------+ | ???????????# #???????????????????? | | ??????????#] ## ## #???????????????????? | | ????? ## # #???????????????????? | | ???? #?# #???????????????????? | | ????? ## ##??# #???????????????????? | | ???????####?????### ###?????????????????? | | ??????????????????### #?????????????????? | | ????????????????????## #?????????????????? | | ?????????????????????# #?????????????????? | | ?????????????????????# ###?????????????????? | | ????????????????????## ######??????????????? | | ????????????????????# # #??????????????? | | ????????????????????## #??????????????? | | ?????????????????????# #??????????????? | | ????????????????????## #??????????????? | | ???????????????????## #??????????????? | | ??????????????????## #??????????????? | | ?????????????????## ## #??????????????? | | ?????????????????# ##?????????????? | | #???????###??????### #### #?????????????? | | ##?????## ####????## ##??## #?????????????? | | ####### # ###### #????# ##?????????????? | | O #????# #??????????????? | | ##??## #??????????????? | | # # ## # #### %#??????????????? | | #### ###### # @!R##??????????????? | | ???# ## #####???????????????? | | ???# ## ##????????????????? | | #??##### ## #????????????????? | | #??????## # # ## #????????????????? | | #??????######### < ##???????????????? | | ##?????????????# #???????????????? | | ??????????????# ## ## ##?????????????? | | ??????????????###?# ### #?????????????? | | ??????????????????# # #? ##?????????????? | | ??????????????????### ##? #?????????????? | | ????????????????????# #?? #?????????????? | | ????????????????????# #?# ##?????????????? | | ????????????????????# ## #??????????????? | | ????????????????????## # #??????????????? | | ????????????????????## #????????????????? | | ????????????????????# ##????????????????? | | ????????????????????# ##????????????????? | | ????????????????????# ##???????????????? | | ????????????????????# ##??????????????? | | ????????????????????## #??????????????? | | ??????????????????#### #??????????????? | | ????????####?????## ##?????????????? | | ?????####" ####### #?????????????? | | ?????# """ """ ]" #?????????????? | +----------------------------------------------------+ Best States ------------- Heat Dissipation 25 Energy Generation 15 Energy Capacity 250 Matter Stores 300 Matter Capacity 300 Sight Range 16 Terrain Scan Range 16 Terrain Scan Density 10 Armor Coverage 150 Evasion (%) 44 Item Schematics ----------------- None Robot Schematics ------------------ None Fabricated ------------ Nothing Alien Tech Used ----------------- None Achievements -------------- None Challenges ------------ None Game ------ Seed NullSuperquantumDoomcannon Manual? 0 Play Time 00:29:49 Cumulative 462.7 hours Start 2024.09.02 @ 11:10:24 End 2024.09.02 @ 11:38:33 Sessions 1 Manual Loads 0 Difficulty Rogue Special Mode None Game No. 173 Rogue 173 Adventurer 0 Explorer 0 Win Type - Total 4 Types 0/0/2/2/0/0/0/0/0 Lore% 46 Gallery% 75 Achievement% 66 Wizard Run 0 Options --------- Layout 0 ASCII 0 Keyboard 1 Movement Arrows Keybinds 0 Fullscreen 1 Font 12/Proggy Map View 83x54 Zoom Use 0% Tactical HUD 1 Map Filters NONE Filters NONE Steam 0 RUN: 0920c43d-e315-4932-a432-601058940c75